 Dungeon Crawl Stone Soup version 0.30-a0-722-g3e6e8c874d (webtiles) character file.

Game seed: 1466210512928852828

7162 Newt the Trooper (level 10, 0/79 HPs)
             Began as a Demonspawn Gladiator on Jan 27, 2023.
             Was a High Priest of Okawaru.
             Slain by a centaur warrior (10 damage)
             ... on level 10 of the Dungeon.
             The game lasted 00:14:10 (12113 turns).

Newt the Trooper (Demonspawn Gladiator)            Turns: 12113, Time: 00:14:10

Health: 0/79       AC: 31    Str: 19    XL:     10   Next: 86%
Magic:  6/10       EV:  9    Int: 10    God:    Okawaru [*****.]
Gold:   600        SH:  0    Dex: 14    Spells: 9/9 levels left

rFire   . . .      SeeInvis .    L - +2 whip (venom)
rCold   . . .      Faith    .    (no shield)
rNeg    . . .      Spirit   .    s - +5 plate armour
rPois   .          Reflect  .    c - +0 helmet
rElec   .          Harm     .    (no cloak)
rCorr   .          Rampage  .    (no gloves)
Will    .....                    o - +2 pair of boots {Stlth+} Stlth
                                 q - amulet of magic regeneration
HPRegen 0.33/turn                (no ring)
MPRegen 0.64/turn                (no ring)

@: heroic, sanguine armoured, invisible
A: magic regeneration, sanguine armour 1, demonic touch 2
a: Renounce Religion, Heroism, Finesse, Duel


You were on level 10 of the Dungeon.
You worshipped Okawaru.
Okawaru was extremely pleased with you.
You visited 2 branches of the dungeon, and saw 11 of its levels.
You also visited: Ossuary.

You collected 775 gold pieces.
You spent 175 gold pieces at shops.

Inventory:

Hand Weapons
 a - a +1 rapier
 w - a +3 halberd of venom
 G - a +2 dire flail of freezing
 H - a +3 flail
 L - a +2 whip of venom (weapon)
 N - a +0 spear
Missiles
 e - 5 javelins (quivered)
 h - 11 poisoned darts
 n - 3 boomerangs
 F - 6 curare-tipped darts
 S - an atropa-tipped dart
Armour
 b - a +0 leather armour
 c - a +0 helmet (worn)
 k - a +0 pair of boots
 o - a +2 pair of boots of stealth (worn)
 s - a +5 plate armour (worn)
 M - a +1 ring mail of fire resistance
Jewellery
 q - an amulet of magic regeneration (around neck)
 t - a ring of fire
 x - a ring of ice
 D - a ring of magical power
 O - a ring of positive energy
Wands
 C - a wand of digging (7)
 J - a wand of flame (11)
Scrolls
 g - 2 scrolls of fear
 v - 2 scrolls of amnesia
 y - 5 scrolls of identify
 z - a scroll of blinking
 B - 6 scrolls of teleportation
 I - a scroll of enchant armour
 P - a scroll of silence
 Q - a scroll of enchant weapon
 R - a scroll of magic mapping
Potions
 f - 2 potions of haste
 i - 4 potions of attraction
 j - 2 potions of brilliance
 l - a potion of ambrosia
 m - a potion of degeneration
 p - 3 potions of curing
 r - 2 potions of might
 u - 2 potions of resistance
 A - 2 potions of flight
 E - a potion of magic


   Skills:
 - Level 7.0(12.0) Fighting
 - Level 4.0(9.0) Short Blades
 - Level 6.0(11.0) Maces & Flails
 - Level 6.0(11.0) Polearms
 + Level 6.7(11.7) Throwing
 - Level 6.0(11.0) Armour
 - Level 4.0(9.0) Dodging
 - Level 2.0(7.0) Stealth
 - Level 5.0 Evocations


You had 9 spell levels left.
You didn't know any spells.
Your spell library contained the following spells:

 Spells                   Type           Power      Damage    Failure   Level
 Foxfire                  Conj/Fire      0%         2x1d4     100%        1
 Dazzling Flash           Conj/Hex       0%         N/A       100%        3
 Gell's Gravitas          Tloc           0%         N/A       100%        3
 Ignite Poison            Fire/Tmut/Pois 0%         N/A       100%        3
 Kindle Blastsparks       Fire/Tloc/Air  0%         2d10      100%        3
 Teleport Other           Tloc           0%         N/A       100%        3
 Iskenderun's Mystic Bla  Conj/Tloc      0%         2d3       100%        4
 Fireball                 Conj/Fire      0%         3d3       100%        5
 Freezing Cloud           Conj/Ice/Air   0%         6-21      100%        5
 Yara's Violent Unravell  Hex/Tmut       0%         3d3       100%        5
 Dispersal                Tloc           0%         N/A       100%        6
 Starburst                Conj/Fire      0%         6d3       100%        6
 Enfeeble                 Hex            0%         N/A       100%        7


Dungeon Overview and Level Annotations

Branches:
Dungeon (10/15)            Temple (1/1) D:5         Ossuary (visited)
   Lair: D:8-11         Orc: D:9-12

Altars:
Ashenzari
Cheibriados
Dithmenos
Fedhas
Gozag
Hepliaklqana
Kikubaaqudgha
Nemelex Xobeh
Okawaru
Qazlal
Ru
Sif Muna
Trog
Uskayaw
Wu Jian
Xom

Shops:
D:2 [   D:3 *   D:6 ?   D:7 *

Portals:
Trove: D:10 (give +3 storm dragon scales)

Annotations:
D:4 2 transporters, Lemondrips's ghost, amateur MiHW


Innate Abilities, Weirdness & Mutations

You regenerate magic rapidly.
When seriously injured, your blood forms armour. (AC +6)
Your touch may inflict irresistible damage on your foes.


Message History

The centaur warrior is moderately wounded.
The centaur warrior hits you.
The centaur warrior kicks you but does no damage.
You gain the combat prowess of a mighty hero.
The centaur warrior barely misses you.
The centaur warrior kicks you but does no damage.
The steam dragon bites you but does no damage.
The steam dragon claws you but does no damage.
Cornered, the yaktaur captain turns to fight!
You closely miss the steam dragon.
You touch the steam dragon!
The steam dragon is heavily wounded.
The centaur warrior misses you.
The centaur warrior kicks you but does no damage.
The steam dragon barely misses you.
The steam dragon claws you but does no damage.
You whack the steam dragon!
The steam dragon is poisoned.
The steam dragon is severely wounded.
The centaur warrior hits you but does no damage.
The centaur warrior kicks you but does no damage.
You completely miss the steam dragon.
You touch the steam dragon!
You kill the steam dragon!
Okawaru accepts your kill.
The centaur warrior hits you but does no damage.
The centaur warrior kicks you.
You hit the centaur warrior.
The centaur warrior looks as sick as possible!
The centaur warrior is moderately wounded.
The yaktaur captain shoots a bolt.
The bolt hits you!
You whack the centaur warrior!
The centaur warrior looks as sick as possible!
You punch the centaur warrior.
The centaur warrior is heavily wounded.
The centaur warrior hits you but does no damage.
The centaur warrior kicks you but does no damage.
The yaktaur captain shoots a bolt.
The bolt hits you!!
* * * LOW HITPOINT WARNING * * *
You fade into invisibility!
The centaur warrior hits you but does no damage.
The centaur warrior barely misses you. The centaur warrior hits you!
You die...

##########.#..#.#
#.[#..#..#....#.#
#).'..'..#.#.># #
##'####'##....#
#..# .#..#..#.#
#..# c#..#..#.#
##(##'#†##..#.#
#..'$.#..#.##.#
#..#@c#..#....#
########'#.####
.............#
##.#########.# ..
##


You could see a yaktaur captain (unable to see you) and a centaur warrior
(unable to see you, extremely poisoned).

Vanquished Creatures
  A two-headed ogre (D:10)
  A boulder beetle (D:10)
  A cyclops (D:10)
  Joseph (D:7)
  A kobold demonologist (D:9)
  A yaktaur (D:10)
  Sigmund (D:6)
  8 yaks (D:10)
  A vampire mosquito (D:10)
  Menkaure (D:5)
  2 steam dragons
  2 water moccasins (D:6)
  3 orc warriors
  2 ice beasts
  A sky beast (D:7)
  4 centaurs
  2 kobold brigands
  Blork the orc (D:5)
  2 bullfrogs (D:8)
  2 scorpions (D:5)
  4 gnoll sergeants
  3 wights (D:7)
  3 killer bees (D:7)
  2 electric eels (D:10)
  9 orc priests
  A jelly (D:7)
  2 iguanas (D:6)
  3 orc wizards (D:9)
  8 mummies (Ossuary)
  17 gnolls
  9 adders
  A shadow imp (D:8)
  A white imp (D:7)
  2 ufetubi
  A worm (D:2)
  3 dart slugs (D:1)
  16 orcs
  6 ball pythons
  5 bats
  6 endoplasms
  4 giant cockroaches
  3 goblins
  3 hobgoblins
  8 jackals
  3 quokkas
  2 frilled lizards
  2 gnoll zombies (Ossuary)
  2 hobgoblin zombies (Ossuary)
  16 kobolds
  2 kobold zombies (Ossuary)
  2 orc zombies (Ossuary)
  2 rats (D:1)
  A bush (D:6)
190 creatures vanquished.

Vanquished Creatures (others)
  2 bushes (D:6)
2 creatures vanquished.

Grand Total: 192 creatures vanquished

Notes
Turn   | Place    | Note
-------+----------+-------------------------------------------
     0 | D:1      | Newt the Demonspawn Gladiator began the quest for the Orb.
     0 | D:1      | Reached XP level 1. HP: 16/16 MP: 1/1
    19 | D:1      | Reached skill level 1 in Stealth
    57 | D:1      | Gained mutation: Your touch may inflict minor irresistible
                  | damage on your foes. [demonic ancestry]
    57 | D:1      | Reached XP level 2. HP: 17/22 MP: 2/2
  1009 | D:2      | Gained mutation: Your touch may inflict irresistible damage
                  | on your foes. [demonic ancestry]
  1009 | D:2      | Reached XP level 3. HP: 28/28 MP: 3/3
  1052 | D:2      | Reached skill level 3 in Fighting
  1093 | D:2      | Found Itecos's Antique Armour Boutique.
  1308 | D:2      | Reached XP level 4. HP: 32/37 MP: 4/4
  1639 | D:3      | Reached skill level 4 in Fighting
  1656 | D:3      | Noticed an orc warrior
  1687 | D:3      | Found Guesece's Assorted Antiques.
  2064 | D:4      | Noticed Lemondrips's ghost (amateur MiHW)
  2066 | D:4      | Found a transporter.
  2066 | D:4      | Identified the +3 great mace "Pendulum" {freeze, rN+ Int+3}
  2066 | D:4      | Noticed an ogre
  2406 | D:4      | Reached XP level 5. HP: 40/42 MP: 5/5
  3115 | D:4      | Found a transporter.
  3137 | D:5      | Entered Level 5 of the Dungeon
  3139 | D:5      | Noticed Menkaure
  3151 | D:5      | Killed Menkaure
  3152 | D:5      | Gained mutation: When seriously injured, your blood forms
                  | armour. (AC +6) [demonic ancestry]
  3152 | D:5      | Reached XP level 6. HP: 24/48 MP: 6/6
  3296 | D:5      | Found a staircase to the Ecumenical Temple.
  3304 | Temple   | Entered the Ecumenical Temple
  3450 | Temple   | Became a worshipper of Warmaster Okawaru
  3546 | D:5      | Found a sand-covered staircase.
  3555 | Ossuary  | Entered an ossuary
  4150 | D:5      | Reached XP level 7. HP: 54/54 MP: 7/7
  4269 | D:5      | Noticed Blork the orc
  4277 | D:5      | Killed Blork the orc
  4928 | D:6      | Found Pobuhosm's Magic Scroll Shop.
  4934 | D:6      | Bought a scroll of identify for 26 gold pieces
  4934 | D:6      | Bought a scroll of identify for 26 gold pieces
  4934 | D:6      | Bought a scroll of identify for 26 gold pieces
  4934 | D:6      | Bought a scroll of enchant weapon for 97 gold pieces
  5074 | D:6      | Reached skill level 5 in Throwing
  5670 | D:6      | Reached * piety under Okawaru
  5761 | D:6      | Noticed Sigmund
  5768 | D:6      | Killed Sigmund
  5769 | D:6      | Reached XP level 8. HP: 44/60 MP: 8/8
  5938 | D:6      | Reached skill level 5 in Polearms
  6657 | D:7      | Reached ** piety under Okawaru
  6786 | D:7      | Found Lumaser's Elemental Accessories.
  6851 | D:7      | Reached skill level 5 in Fighting
  6952 | D:7      | Noticed Joseph
  7231 | D:7      | Killed Joseph
  7231 | D:7      | Reached *** piety under Okawaru
  7232 | D:7      | Reached skill level 6 in Fighting
  7232 | D:7      | Gained mutation: You regenerate magic rapidly. [demonic
                  | ancestry]
  7232 | D:7      | Reached XP level 9. HP: 24/71 MP: 9/9
  7664 | D:7      | Reached skill level 7 in Fighting
  7664 | D:7      | Reached skill level 1 in Armour
  9193 | D:9      | Reached skill level 5 in Armour
  9436 | D:9      | Noticed a kobold demonologist
  9446 | D:9      | Killed a kobold demonologist
  9459 | D:9      | Found a hazy altar of Hepliaklqana.
  9460 | D:9      | Found a bloodstained altar of Trog.
  9511 | D:9      | Reached skill level 1 in Maces & Flails
 10508 | D:10     | Entered Level 10 of the Dungeon
 10547 | D:10     | Noticed a two-headed ogre
 10561 | D:10     | Killed a two-headed ogre
 10561 | D:10     | Reached **** piety under Okawaru
 10562 | D:10     | Reached XP level 10. HP: 44/79 MP: 10/10
 10803 | D:10     | Reached skill level 5 in Maces & Flails
 11169 | D:10     | Found a portal to a secret trove of treasure.
 11193 | D:10     | Reached skill level 1 in Evocations
 11670 | D:10     | Received a gift from Okawaru
 11684 | D:10     | Reached ***** piety under Okawaru
 11766 | D:10     | Found a runed translucent door.
 11778 | D:10     | Noticed a boulder beetle
 11789 | D:10     | Killed a boulder beetle
 11790 | D:10     | Reached skill level 5 in Evocations
 11983 | D:10     | Noticed a cyclops
 11988 | D:10     | Killed a cyclops
 12098 | D:10     | Noticed a yaktaur captain
 12098 | D:10     | Noticed a centaur warrior
 12113 | D:10     | Slain by a centaur warrior

Illustrated notes

Levels and vault maps discovered:
D:1:      dpeg_arrival_shelter, layout_basic, ebering_dispersal_statue_hall
D:2:      layout_rooms, serial_shops, nicolae_diamond_shop
D:3:      layout_basic, marbit_many_paths, serial_shops, shop, minmay_cut_off,
          uniq_grinder
D:4:      layout_basic, serial_curves, eino_curves_02, eino_curves_01,
          eino_curves_02, gammafunk_ghost_smash, minivault_25,
          kennysheep_diamond
D:5:      layout_basic, minmay_temple_entry_hall,
          nicolae_ossuary_entry_monument, uniq_blork_the_orc, uniq_menkaure
D:6:      layout_loops_corners, serial_shops, shop, minmay_hedge_maze,
          uniq_sigmund
D:7:      layout_gridville, mainiacjoe_overflow_brackets,
          nicolae_elemental_shop, uniq_joseph
D:8:      layout_gridville
D:9:      layout_basic, nicolae_overflow_hidden_temple
D:10:     layout_basic, enter_trove_1, minivault_13
Temple:   lightli_temple_of_artemis

Skill      XL: |  1  2  3  4  5  6  7  8  9 10 |
---------------+-------------------------------+-----
Stealth        | 1 2 |  2.0
Fighting       | 3 4 6 7 |  7.0
Short Blades   | 3 4 |  4.0
Dodging        | 4 |  4.0
Throwing       | 2 4 5 6 |  6.7
Polearms       | 4 6 |  6.0
Armour         | 6 |  6.0
Maces & Flails | 4 6 |  6.0
Evocations     | 5 |  5.0

Action                     |  1- 3 |  4- 6 |  7- 9 | 10-12 || total
---------------------------+-------+-------+-------+-------++-------
  Melee: Rapier            |    69 |   140 |     6 |       ||   215
         Touch             |    13 |    28 |    22 |    36 ||    99
         Punch             |       |     3 |     1 |     4 ||     8
         Halberd           |       |       |   211 |       ||   211
         Whip              |       |       |    57 |   143 ||   200
         Flail             |       |       |    45 |       ||    45
  Throw: Throwing net      |       |     2 |     3 |     1 ||     6
         Javelin           |       |     3 |     3 |       ||     6
         Dart              |       |       |     4 |     3 ||     7
         Boomerang         |       |       |       |     5 ||     5
 Invoke: Heroism           |       |       |       |     1 ||     1
    Use: Scroll            |     6 |     8 |    10 |     1 ||    25
         Potion            |       |     3 |     4 |     1 ||     8
   Stab: Sleeping          |     7 |     8 |       |       ||    15
         Held in net/web   |       |     1 |       |       ||     1
 Armour: Leather armour    |    17 |    37 |       |       ||    54
         Plate armour      |       |     3 |   338 |    88 ||   429
  Dodge: Dodged            |    48 |    73 |   102 |    37 ||   260

Table legend: (Time is in decaauts)
 A = Elapsed time spent in this place.
 B = Non-inter-level travel time spent in this place.
 C = Inter-level travel time spent in this place.
 D = Time resting spent in this place.
 E = Time spent auto-exploring this place.
 F = Levels seen in this place.
 G = Mean time per level.
                   A        B        C        D        E       F      G
               +--------+--------+--------+--------+--------+-----+--------+
         Total |  12180 |  11880 |    300 |   2650 |   7571 |  12 | 1015.0 |
       Dungeon |  11554 |  11271 |    283 |   2641 |   7117 |  10 | 1155.4 |
        Temple |    163 |    146 |     17 |      0 |    139 |   1 |  163.0 |
       Ossuary |    462 |    462 |      0 |      9 |    315 |   1 |  462.0 |
               +--------+--------+--------+--------+--------+-----+--------+

Top non-repeatable levels by time:
    D:10: 1579 daAuts
     D:6: 1526 daAuts
     D:5: 1482 daAuts
     D:4: 1436 daAuts
     D:7: 1397 daAuts
     D:9: 1385 daAuts
     D:8: 1038 daAuts
     D:1: 919 daAuts
     D:2: 537 daAuts
 Ossuary: 462 daAuts
     D:3: 250 daAuts
  Temple: 163 daAuts
